 Dungeon Crawl Stone Soup version 0.30-a0-534-gdc55766716 (webtiles) character file.

Game seed: 8686724679007514457

254 Newt the Trooper (level 5, 0/42 HPs)
             Began as a Demonspawn Gladiator on Dec 24, 2022.
             Slain by a gnoll
             ... wielding a +0 flail
              (8 damage)
             ... on level 4 of the Dungeon.
             The game lasted 00:03:11 (2084 turns).

Newt the Trooper (Demonspawn Gladiator)             Turns: 2084, Time: 00:03:11

Health: 0/42       AC: 10    Str: 16    XL:     5   Next: 91%
Magic:  5/5        EV: 10    Int:  9    God:
Gold:   120        SH:  0    Dex: 15    Spells: 4/4 levels left

rFire   . . .      SeeInvis .    h - +0 flail (vorpal)
rCold   . . .      Faith    .    (no shield)
rNeg    . . .      Spirit   .    n - +2 scale mail {rF+}
rPois   .          Reflect  .    (helmet restricted)
rElec   .          Harm     .    (no cloak)
rCorr   .          Rampage  .    (no gloves)
Will    .....      Clarity  +    (no boots)
Stlth   +                        (no amulet)
HPRegen 0.27/turn                (no ring)
MPRegen 0.18/turn                (no ring)

@: no status effects
A: antennae 1, molten scales 1, magic regeneration, clarity, heat vulnerability
1
a: no special abilities


You were on level 4 of the Dungeon.
You visited 1 branch of the dungeon, and saw 4 of its levels.

You collected 120 gold pieces.

Inventory:

Hand Weapons
 a - a +0 rapier
 h - a +0 vorpal flail (weapon)
Missiles
 d - a throwing net (quivered)
 o - 2 poisoned darts
 p - a javelin
Armour
 b - a +0 leather armour
 c - a +0 helmet
 l - a +0 plate armour
 n - a +2 scale mail of fire resistance (worn)
Scrolls
 f - a scroll of noise
 i - a scroll of teleportation
 k - a scroll of vulnerability
 m - a scroll of amnesia {unknown}
 q - a scroll of enchant armour {unknown}
 r - a scroll of fog {unknown}
Potions
 e - a potion of attraction
 g - a potion of resistance


   Skills:
 - Level 4.0 Fighting
 - Level 2.6 Short Blades
 - Level 1.7 Throwing
 + Level 3.0 Armour
 - Level 2.6 Dodging
 - Level 3.0 Stealth


You had 4 spell levels left.
You didn't know any spells.
Your spell library was empty.

Dungeon Overview and Level Annotations

Branches:
Dungeon (4/15)
 Temple: D:4-7

Altars:


Innate Abilities, Weirdness & Mutations

You have a pair of small antennae on your head.
You are partially covered in molten scales. (AC +2)
You regenerate magic rapidly.
You possess an exceptional clarity of mind.
You are vulnerable to heat. (rF-)


Message History

You are too injured to fight recklessly!
You are too injured to fight recklessly!
You are too injured to fight recklessly!
You are too injured to fight recklessly!
You are too injured to fight recklessly!
You are too injured to fight recklessly!
You are too injured to fight recklessly!
You are too injured to fight recklessly!
You are too injured to fight recklessly!
You are too injured to fight recklessly!
You are too injured to fight recklessly!
Unknown command.
You barely miss the gnoll.
The gnoll is severely wounded.
The gnoll hits you with a +0 flail. x2
* * * LOW HITPOINT WARNING * * *
The gnoll hits you with a +0 whip.
* * * LOW HITPOINT WARNING * * *
Okay, then.
Okay, then.
You fade into invisibility!
The gnoll completely misses you. The gnoll barely misses you.
The gnoll closely misses you.
You see here a quokka corpse.
You flicker for a moment.
There is a stone staircase leading down here.
You flicker back into view.
The gnoll hits you with a +0 flail!
* * * LOW HITPOINT WARNING * * *
You climb downwards.
Found 15 gold pieces and a sling.
There is a stone staircase leading up here.
Unknown command.
You closely miss the gnoll. The gnoll barely misses you.
You hit the gnoll but do no damage. The gnoll hits you with a +0 flail.
* * * LOW HITPOINT WARNING * * *
The gnoll hits you with a +0 flail.
* * * LOW HITPOINT WARNING * * *
You closely miss the gnoll. The gnoll hits you with a +0 flail!
You die...

## .. #. #.
#.####.####.###
#......@.......
#.......g...$..
.........).....
..#############
.


You could see a gnoll.

Vanquished Creatures
  Sigmund (D:2)
  Terence (D:2)
  2 adders (D:2)
  4 worms
  2 dart slugs
  2 bats (D:1)
  3 endoplasms
  2 giant cockroaches (D:1)
  3 goblins
  2 hobgoblins (D:1)
  4 jackals (D:1)
  4 kobolds
  4 quokkas
  5 ball pythons
  4 frilled lizards
  7 rats
50 creatures vanquished.

Notes
Turn   | Place    | Note
-------+----------+-------------------------------------------
     0 | D:1      | Newt the Demonspawn Gladiator began the quest for the Orb.
     0 | D:1      | Reached XP level 1. HP: 16/16 MP: 1/1
     4 | D:1      | Noticed a minotaur skeleton
    19 | D:1      | Noticed a minotaur skeleton
    49 | D:1      | Reached skill level 1 in Stealth
    66 | D:1      | Gained mutation: You are partially covered in molten
                  | scales. (AC +2) [demonic ancestry]
    66 | D:1      | Reached XP level 2. HP: 4/22 MP: 2/2
   465 | D:1      | Reached XP level 3. HP: 26/27 MP: 3/3
   844 | D:2      | Noticed Sigmund
   855 | D:2      | Killed Sigmund
   856 | D:2      | Reached skill level 4 in Fighting
   856 | D:2      | Gained mutation: You regenerate magic rapidly. [demonic
                  | ancestry]
   856 | D:2      | Reached XP level 4. HP: 6/37 MP: 4/4
   856 | D:2      | Gained mutation: You have a pair of small antennae on your
                  | head. [demonic ancestry]
   856 | D:2      | Reached XP level 5. HP: 6/42 MP: 5/5
  1483 | D:2      | Noticed Terence
  1498 | D:2      | Killed Terence
  1748 | D:3      | Gained mutation: You do not regenerate when monsters are
                  | visible. [potion of mutation]
  1749 | D:3      | Lost mutation: You do not regenerate when monsters are
                  | visible. [potion of mutation]
  1749 | D:3      | Gained mutation: Your system is resistant to poisons.
                  | (rPois) [potion of mutation]
  1749 | D:3      | Lost mutation: Your system is resistant to poisons. (rPois)
                  | [potion of mutation]
  1749 | D:3      | Gained mutation: You are vulnerable to heat. (rF-) [potion
                  | of mutation]
  1749 | D:3      | Gained mutation: You possess an exceptional clarity of
                  | mind. [potion of mutation]
  2084 | D:4      | Slain by a gnoll

Illustrated notes

Levels and vault maps discovered:
D:1:      shiori_arrival_whats_in_store_for_you, layout_rooms,
          minmay_misc_feat_ornament, ebering_dispersal_statue_hall
D:2:      layout_basic, uniq_sigmund, uniq_terence
D:3:      layout_basic, hex_tiny, kennysheep_doodads, uniq_ijyb
D:4:      layout_loops_ring, nicolae_titane, uniq_natasha, uniq_edmund

Skill      XL: |  1  2  3  4  5 |
---------------+----------------+-----
Stealth        | 1 2 3 |  3.0
Fighting       | 4 |  4.0
Armour         | 2 3 |  3.0
Short Blades   | |  2.6
Throwing       | |  1.7
Dodging        | |  2.6

Action                   |  1- 3 |  4- 6 || total
-------------------------+-------+-------++-------
Melee: Rapier            |   151 |    19 ||   170
       Punch             |     2 |       ||     2
       Flail             |       |    28 ||    28
Throw: Javelin           |     2 |     1 ||     3
       Dart              |     2 |     2 ||     4
       Throwing net      |     1 |     1 ||     2
  Use: Scroll            |       |     6 ||     6
       Potion            |       |     3 ||     3
 Stab: Sleeping          |     1 |     1 ||     2
       Distracted        |     1 |       ||     1
       Held in net/web   |     2 |       ||     2
Armor: Leather armour    |    62 |     3 ||    65
       Scale mail        |       |    13 ||    13
Dodge: Dodged            |   124 |    18 ||   142

Table legend: (Time is in decaauts)
 A = Elapsed time spent in this place.
 B = Non-inter-level travel time spent in this place.
 C = Inter-level travel time spent in this place.
 D = Time resting spent in this place.
 E = Time spent auto-exploring this place.
 F = Levels seen in this place.
 G = Mean time per level.
                   A        B        C        D        E       F      G
               +--------+--------+--------+--------+--------+-----+--------+
         Total |   2106 |   2024 |     82 |    367 |   1182 |   4 |  526.5 |
       Dungeon |   2106 |   2024 |     82 |    367 |   1182 |   4 |  526.5 |
               +--------+--------+--------+--------+--------+-----+--------+

Top non-repeatable levels by time:
     D:2: 1175 daAuts
     D:1: 580 daAuts
     D:3: 347 daAuts
     D:4: 3 daAuts
